Map: 프록시마 정거장 - 래더

Players

GuMiho - Winner!

  • Race: Terran Terran
  • Spawn Location: 1:00

jjakji

  • Race: Terran Terran
  • Spawn Location: 7:00

Event: IEM XI Katowice - World Championship 2017

VOD

Have the link to the VOD?

Description

Time

  • Played on: Feb. 28, 2017, 7:01 a.m.
  • Length: 19:59

All games in this series

Show
View Real Time Build Order
Export as new Build Order

GuMiho Terran - Winner!

Build Orders: Reaper Expand, Bio Tank, Banshee Rush 

Get SALT Encoding   

  12  0:00  SCV  
  13  0:12  SCV  
  14  0:17  Supply Depot  
  14  0:25  SCV  
  14  0:27  Refinery  
  15  0:39  SCV  
  16  0:45  Barracks  
  16  0:51  SCV  
  17  1:03  SCV  
  18  1:15  SCV  
  19  1:31  Orbital Command  
  19  1:32  Reaper  
  20  1:42  Command Center  
  20  1:52  Factory  
  20  1:57  SCV  
  21  2:04  Refinery  
  22  2:11  SCV  
  22  2:15  Supply Depot  
  23  2:16  Barracks Tech Lab  
  22  2:23  SCV  
  23  2:37  SCV, Hellion  
  26  2:39  Starport  
  26  2:43  Barracks Reactor  
  26  2:49  SCV  
  27  2:54  Orbital Command  
  27  2:57  Widow Mine  
  29  3:01  SCV  
  30  3:13  SCV  
  30  3:14  Cloaking Field  
  30  3:19  Marine x2  
  33  3:22  Banshee  
  33  3:23  SCV  
  37  3:27  SCV  
  37  3:31  Supply Depot  
  38  3:35  Factory Tech Lab  
  38  3:37  Marine x2  
  38  3:39  SCV  
  41  3:41  SCV  
  41  3:48  Refinery  
  42  3:51  SCV  
  42  3:52  Supply Depot  
  42  3:53  SCV  
  44  3:59  Siege Tank  
  47  4:03  SCV  
  49  4:10  SCV  
  49  4:12  Banshee  
  49  4:16  SCV  
  53  4:22  SCV  
  54  4:26  Marine x2  
  54  4:27  Supply Depot  
  54  4:28  SCV  
  57  4:31  Siege Tank  
  57  4:34  SCV  
  57  4:37  Supply Depot  
  61  4:40  SCV  
  62  4:48  SCV  
  62  4:52  SCV  
  64  4:56  Raven  
  64  4:59  Command Center  
  63  5:01  SCV  
  63  5:04  SCV, Refinery  
  63  5:05  Supply Depot  
  65  5:08  Siege Tank  
  65  5:13  SCV  
  69  5:15  Marine x2  
  69  5:16  SCV  
  69  5:19  Supply Depot  
  72  5:25  SCV  
  73  5:28  SCV  
  73  5:33  Engineering Bay  
  73  5:34  Engineering Bay  
  74  5:37  SCV  
  74  5:40  SCV  
  76  5:46  Viking x2  
  76  5:47  Marine  
  76  5:49  SCV  
  82  5:52  Supply Depot, SCV  
  82  5:54  Stimpack  
  83  6:02  SCV  
  84  6:04  SCV  
  84  6:05  Terran Infantry Armor Level 1, Terran Infantry Weapons Level 1  
  84  6:08  Siege Tank  
  88  6:14  Orbital Command  
  88  6:16  SCV  
  88  6:17  SCV  
  88  6:22  Barracks x2  
  88  6:28  SCV  
  88  6:29  SCV  
  88  6:32  Viking x2  
  92  6:37  Refinery x2  
  92  6:39  Factory  
  94  6:42  SCV x2  
  94  6:44  SCV  
  97  6:48  Marine  
  97  6:54  SCV x2  
  100  6:57  SCV  
  100  7:06  SCV x2  
  97  7:10  SCV  
  83  7:16  Siege Tank  
  83  7:18  SCV x2  
  86  7:22  SCV  
  86  7:26  Viking x2  
  86  7:27  Barracks Reactor x2  
  89  7:30  Factory Tech Lab, SCV x2  
  89  7:33  Barracks  
  89  7:34  Barracks  
  89  7:35  SCV  
  89  7:36  Missile Turret  
  92  7:37  Missile Turret  
  92  7:38  Sensor Tower x2  
  92  7:39  Armory  
  92  7:42  SCV x2  
  92  7:44  Marine  
  94  7:45  Missile Turret  
  94  7:47  Missile Turret, SCV  
  96  7:52  Siege Tank  
  96  7:53  Siege Tank  
  96  7:55  Combat Shields  
  102  8:01  Marine, Command Center  
  103  8:07  Marine  
  103  8:08  Marine x3  
  107  8:14  Missile Turret  
  107  8:15  Supply Depot  
  107  8:17  Supply Depot  
  107  8:19  Marine  
  107  8:25  Marine x2  
  107  8:26  Marine x3  
  106  8:27  Marine  
  97  8:37  Marine  
  89  8:43  Marine x2  
  89  8:44  Marine x3  
  93  8:49  Marine  
  91  9:00  Terran Infantry Weapons Level 2  
  91  9:02  Orbital Command  
  88  9:11  Marine x2  
  88  9:12  Marine x3  
  78  9:20  SCV x2  
  78  9:27  Siege Tank  
  78  9:29  Marine x2  
  78  9:30  Marine x3, Barracks Reactor x2, Orbital Command  
  84  9:32  Siege Tank, SCV  
  84  9:38  SCV  
  90  9:40  Medivac x2  
  90  9:45  SCV  
  94  9:47  Marine x2  
  94  9:48  Marine x3  
  99  9:57  Terran Infantry Armor Level 2, SCV  
  100  10:04  Orbital Command  
  100  10:05  Marine x2, Supply Depot  
  100  10:06  Marine x3  
  105  10:07  Supply Depot  
  105  10:09  Marine, Terran Vehicle Weapons Level 1  
  105  10:10  Medivac  
  105  10:13  Supply Depot  
  108  10:23  Supply Depot  
  108  10:24  Supply Depot  
  108  10:27  Marine x2, Medivac  
  112  10:31  Marine x3  
  112  10:34  Marine x4  
  119  10:40  Medivac  
  121  10:44  Marine x2  
  121  10:49  Marine x3  
  124  10:55  Marine  
  125  10:57  Marine x2  
  125  10:59  Marine  
  125  11:01  SCV x3  
  125  11:02  Marine  
  125  11:04  Marine  
  132  11:07  Marine, Siege Tank  
  134  11:12  Medivac  
  136  11:21  Terran Infantry Weapons Level 3  
  136  11:26  Marine  
  136  11:27  Marine x4  
  136  11:32  Marine x3  
  143  11:36  Marine  
  144  11:43  SCV x3  
  144  11:44  Marine  
  144  11:46  Refinery  
  148  11:48  Supply Depot  
  139  11:55  Marine x3  
  139  11:59  Marine x3  
  145  12:04  Siege Tank  
  148  12:08  Marine  
  148  12:09  Marine x2  
  147  12:16  Marine x2  
  147  12:17  Marine  
  147  12:18  Medivac  
  146  12:23  Medivac  
  146  12:27  Marauder  
  150  12:32  Marine  
  151  12:41  Marine x3  
  151  12:42  Marine  
  155  12:46  Marine  
  155  12:47  Marine  
  152  12:59  Marine  
  152  13:00  Siege Tank x2  
  152  13:01  Medivac x2  
  152  13:02  Marine x2  
  152  13:04  Marine x2  
  152  13:05  Marine x3  
  163  13:06  Marine  
  164  13:17  Marine  
  164  13:18  Terran Vehicle Weapons Level 2  
  163  13:21  Marine  
  164  13:28  Supply Depot  
  164  13:29  Marine x4  
  168  13:34  Terran Infantry Armor Level 3  
  168  13:37  Marine  
  169  13:43  Marine  
  169  13:48  Siege Tank  
  173  13:52  Marine x3  
  174  13:57  Marine x2  
  164  14:05  Marine x2  
  164  14:06  Marine x2  
  151  14:10  Marine  
  151  14:11  Marine  
  151  14:14  Marine  
  151  14:15  Marine x2  
  155  14:23  Marine x2  
  155  14:24  Marine x2  
  157  14:28  Marine x2  
  150  14:32  Marine  
  150  14:33  Marine x2, Orbital Command  
  150  14:40  Marine  
  150  14:41  Marine x3  
  127  14:46  Marine x2  
  127  14:50  Marine  
  127  14:51  Marine x2  
  132  14:58  Marine x2  
  132  14:59  Marine x2  
  136  15:04  Marine x2  
  138  15:08  Marine x2  
  138  15:09  Orbital Command  
  138  15:13  Marine  
  137  15:16  Marine x2  
  137  15:17  Marine, Medivac x2  
  144  15:27  Siege Tank  
  146  15:41  Marine x2  
  146  15:42  Marine x4  
  152  15:45  Terran Vehicle Weapons Level 3  
  152  15:47  Medivac x2  
  154  15:57  Marine  
  154  15:58  Marine x2  
  154  15:59  Marine x3  
  154  16:00  Marine x3  
  163  16:15  Marine x2  
  163  16:16  Marine, Siege Tank x2  
  163  16:17  Marine x5, Medivac x2  
  181  16:22  Supply Depot  
  181  16:23  Supply Depot  
  181  16:24  Marine  
  178  16:31  Command Center  
  176  16:36  Marine x2  
  176  16:38  Marine x2  
  176  16:39  Marine x2  
  181  16:44  Marine x3, Sensor Tower  
  184  16:47  Medivac x2  
  184  16:54  Marine x2  
  188  16:56  Marine x3  
  159  17:11  Marine x2  
  159  17:14  Marine x4  
  159  17:15  Marine x3  
  128  17:25  Siege Tank  
  128  17:26  Siege Tank  
  128  17:28  Medivac  
  128  17:29  Marine x2  
  130  17:31  Marine x2  
  130  17:32  Marine x2  
  130  17:33  Marine x2, Medivac  
  130  17:35  Marine  
  136  17:47  Marine x2  
  136  17:49  Marine  
  136  17:50  Marine x3  
  129  17:58  Marine x3  
  129  18:05  Marine x2  
  127  18:13  Marine x3  
  127  18:14  Marine  
  113  18:20  Marine x2  
  113  18:21  Marine  
  113  18:22  Marine x2  
  113  18:31  Marine x4  
  108  18:38  Marine x3  
  108  18:40  Marine x2  
  113  18:47  Siege Tank  
  116  18:49  Marine x3  
  116  18:51  Marine  
  112  18:56  Marine x3  
  112  18:58  Marine x2  
  105  19:06  Marine x2  
  105  19:07  Marine  
  105  19:09  Marine  
  101  19:13  Marine  
  101  19:14  Marine x2  
  101  19:16  Marine x2  
  105  19:24  Marine x2  
  105  19:25  Marine  
  105  19:27  Marine  
  109  19:31  Marine  
  109  19:36  Marine x3  
  109  19:37  Marine  
Show
View Real Time Build Order
Export as new Build Order

jjakji Terran 

Build Orders: Command Center First (CC), Bio Tank 

Get SALT Encoding   

  12  0:00  SCV  
  13  0:12  SCV  
  14  0:17  Supply Depot  
  14  0:25  SCV  
  15  0:39  SCV  
  16  0:51  SCV  
  17  1:00  Command Center  
  17  1:04  SCV  
  18  1:14  Barracks  
  18  1:17  SCV  
  19  1:22  Refinery  
  19  1:27  Refinery  
  19  1:31  SCV  
  20  1:43  SCV  
  21  1:55  SCV  
  21  2:01  Marine  
  22  2:07  Factory  
  23  2:08  Orbital Command  
  22  2:19  Marine  
  24  2:23  Orbital Command  
  23  2:31  Bunker  
  23  2:35  SCV  
  24  2:40  Barracks Reactor  
  24  2:47  SCV  
  24  2:50  SCV  
  26  2:57  Hellion  
  28  2:59  SCV  
  28  3:02  SCV  
  28  3:05  Starport  
  30  3:09  Supply Depot  
  30  3:12  SCV  
  31  3:14  SCV  
  31  3:17  Marine x2  
  34  3:20  Widow Mine  
  34  3:24  SCV  
  34  3:26  SCV  
  38  3:33  Supply Depot  
  38  3:36  Marine, SCV  
  38  3:37  Marine  
  38  3:38  SCV  
  42  3:42  Viking  
  42  3:46  Engineering Bay  
  44  3:50  SCV  
  44  3:52  SCV  
  44  3:53  Factory Tech Lab  
  44  3:55  Marine  
  47  3:58  Marine  
  47  4:00  Supply Depot  
  47  4:02  SCV  
  49  4:04  SCV  
  50  4:15  SCV  
  50  4:16  Missile Turret, SCV  
  52  4:18  Factory Tech Lab  
  52  4:19  Marine x2  
  52  4:22  Raven  
  56  4:27  Supply Depot, SCV  
  56  4:28  SCV  
  58  4:37  Marine x2  
  60  4:41  Siege Tank  
  60  4:43  SCV  
  60  4:44  SCV  
  61  4:54  Command Center  
  61  4:56  Marine  
  61  4:57  SCV x2  
  64  5:01  Engineering Bay  
  64  5:06  Supply Depot  
  64  5:10  SCV x2  
  64  5:13  Starport Reactor  
  66  5:17  Barracks  
  66  5:18  Barracks  
  66  5:21  Marine  
  66  5:22  Siege Tank  
  66  5:27  Supply Depot  
  66  5:28  Refinery, SCV x2  
  72  5:29  Refinery  
  72  5:30  Terran Infantry Weapons Level 1  
  72  5:31  Stimpack  
  72  5:33  Terran Infantry Armor Level 1  
  72  5:40  SCV x2  
  72  5:41  Marine, Supply Depot  
  75  5:52  SCV  
  75  5:53  Barracks  
  75  5:55  Barracks  
  75  5:57  SCV  
  75  5:59  Marine  
  76  6:04  SCV  
  76  6:05  Starport Reactor, Siege Tank  
  76  6:08  Orbital Command  
  76  6:09  Marine  
  76  6:10  Marine  
  82  6:12  SCV  
  82  6:16  SCV  
  82  6:17  Marine x2  
  86  6:24  SCV  
  86  6:25  Supply Depot  
  86  6:26  Marine  
  86  6:27  Marine x2  
  86  6:28  SCV  
  90  6:35  Marine x2  
  90  6:37  Siege Tank, SCV  
  96  6:40  SCV  
  96  6:41  Medivac x2, Orbital Command  
  101  6:49  SCV  
  101  6:52  SCV, Barracks Reactor x2  
  101  6:53  Supply Depot  
  103  6:54  Armory  
  103  6:55  Marine  
  103  6:56  Marine x3  
  89  7:15  Marine x3  
  82  7:16  Marine x2  
  82  7:18  Medivac  
  82  7:19  Medivac  
  86  7:27  SCV x3  
  89  7:30  Refinery x2  
  89  7:31  Marine  
  89  7:32  Combat Shields  
  89  7:33  Marine x5, Barracks  
  89  7:34  Barracks  
  95  7:38  Marine x2  
  95  7:39  Marine  
  95  7:41  SCV x2  
  100  7:46  SCV  
  100  7:48  Medivac  
  100  7:49  Supply Depot, Medivac  
  100  7:50  Marine x2  
  100  7:51  Marine x2  
  108  7:53  SCV  
  110  7:59  Marine x4  
  110  8:00  Marine  
  110  8:04  Siege Tank  
  118  8:07  Factory  
  118  8:08  Marine x2  
  118  8:09  Marine, Missile Turret  
  121  8:16  Marine  
  121  8:17  Marine x2  
  121  8:18  Marine, Medivac  
  121  8:19  Medivac  
  129  8:22  Marine  
  129  8:23  Marine  
  129  8:25  Marine x2  
  128  8:34  Marine  
  128  8:36  Marine  
  128  8:38  Siege Tank  
  120  8:45  Marine x4, Barracks Reactor x2  
  120  8:46  Marine x3  
  120  8:48  Terran Infantry Weapons Level 2, Medivac  
  128  8:49  Medivac  
  128  8:52  Marine  
  131  8:58  Marine  
  130  9:07  Factory Tech Lab  
  125  9:10  Siege Tank  
  125  9:11  Marine x6  
  125  9:12  Marine  
  125  9:14  Command Center  
  125  9:16  Marine  
  126  9:18  Medivac  
  126  9:19  Marine, Medivac  
  126  9:21  Marine x4  
  124  9:26  Siege Tank  
  124  9:29  Marine x2  
  129  9:35  Marine, Sensor Tower  
  130  9:38  Sensor Tower  
  130  9:43  Siege Tank  
  133  9:49  Marine x6  
  133  9:50  Viking  
  133  9:51  Supply Depot  
  136  9:54  Supply Depot x2  
  136  9:58  Viking  
  138  10:00  Marine  
  138  10:01  Marine  
  138  10:02  Marine  
  138  10:06  Terran Infantry Armor Level 2  
  141  10:15  Marine x5  
  141  10:16  Marine x2  
  141  10:17  Marine  
  141  10:18  Marine  
  150  10:23  Siege Tank  
  150  10:26  Viking  
  155  10:30  Viking  
  157  10:38  Marine x6  
  157  10:39  Marine  
  160  10:44  Marine x5  
  163  10:50  Siege Tank  
  163  10:56  Medivac  
  161  11:03  Marine x10  
  171  11:05  Marine x2  
  171  11:09  Medivac  
  175  11:21  Marine x6  
  180  11:29  Terran Infantry Weapons Level 3  
  180  11:37  Supply Depot  
  180  11:39  Supply Depot  
  180  11:45  Terran Vehicle Weapons Level 1  
  180  11:46  Supply Depot  
  180  11:49  Supply Depot, Marine  
  180  11:59  Marine, Viking x2  
  185  12:02  Starport  
  185  12:07  Barracks Reactor  
  174  12:24  Marine  
  174  12:25  Marine x9  
  174  12:28  Terran Infantry Armor Level 3  
  184  12:31  Missile Turret, Viking  
  184  12:32  Missile Turret  
  184  12:33  Missile Turret  
  184  12:34  Missile Turret  
  185  12:37  Viking  
  185  12:41  Planetary Fortress  
  187  12:53  Liberator  
  187  12:55  Liberator  
  178  13:05  Viking  
  184  13:07  Viking  
  188  13:20  Missile Turret  
  188  13:23  Marine  
  189  13:28  Sensor Tower  
  189  13:38  Viking x2  
  193  13:44  Terran Vehicle Weapons Level 2  
  193  13:53  Viking  
  193  13:54  Viking  
  178  14:03  Marine  
  178  14:06  Marine x8  
  178  14:08  Viking  
  177  14:10  Marine  
  177  14:12  Siege Tank  
  181  14:19  Marine  
  181  14:24  Marine  
  182  14:27  Marine  
  182  14:30  Siege Tank  
  177  14:34  Medivac  
  175  14:42  Marine  
  175  14:43  Marine x4  
  175  14:44  Siege Tank  
  148  14:47  Marine  
  148  14:48  Marine x2  
  136  14:57  Marine  
  136  14:59  Marine  
  131  15:01  Marine  
  131  15:02  Siege Tank  
  131  15:06  Marine x3  
  138  15:07  Marine  
  138  15:11  Medivac  
  131  15:15  Medivac  
  131  15:16  Siege Tank  
  131  15:18  Medivac  
  138  15:22  Medivac  
  134  15:30  Marine x2  
  136  15:37  Marine  
  136  15:41  Medivac  
  139  15:45  Marine, Medivac  
  139  15:46  Marine x5  
  147  15:51  Siege Tank  
  147  15:56  Siege Tank  
  153  15:57  Marine  
  153  15:58  Marine  
  153  16:02  Orbital Command  
  155  16:05  Marine x4  
  155  16:06  Marine  
  155  16:07  Marine  
  155  16:09  Marine  
  160  16:12  Marine  
  160  16:17  Marine  
  160  16:18  Marine x3  
  165  16:20  Marine  
  165  16:22  Marine  
  165  16:23  Marine  
  165  16:24  Marine  
  165  16:32  Marine x5  
  160  16:39  Marine x5  
  168  16:41  Marine  
  168  16:42  Marine  
  170  16:53  Marine  
  171  16:55  Marine x5  
  171  16:57  Marine x4  
  171  16:59  Marine  
  171  17:00  Marine x2  
  173  17:03  Medivac  
  159  17:11  Marine  
  159  17:14  Marine x6  
  159  17:15  Marine x2  
  150  17:18  Marine  
  150  17:19  Marine  
  138  17:25  SCV x3  
  138  17:30  Marine  
  138  17:33  Viking x2  
  143  17:37  Viking  
  129  17:56  Siege Tank x2  
  135  18:00  Marine x7  
  135  18:01  Marine x2  
  135  18:02  Marine  
  135  18:03  Marine  
  146  18:07  Marine x2  
  137  18:17  Marine  
  137  18:18  Marine x6  
  117  18:23  Medivac  
  117  18:26  Medivac  
  110  18:28  Siege Tank x2, Medivac  
  110  18:30  Medivac  
  115  18:35  Marine x2  
  115  18:36  Marine  
  114  18:42  Marine x2  
  116  18:53  Marine, Medivac  
  116  18:55  Marine x2  
  120  19:00  Siege Tank  
  102  19:10  Marine  
  102  19:13  Marine  
  102  19:14  Marine x4  
  97  19:18  Marine x2  
  97  19:22  Marine  
  95  19:24  Marine  
  95  19:29  Marine  

Tags
 
Add a new tag
Caveats
  • Supply blocks, unpowered buildings, or Contaminate may cause inaccurate times.
  • Supply counts are checked every 10 seconds.